 Dungeon Crawl Stone Soup version 0.21-a0-153-g78480df (webtiles) character file.

49 4thArraOfDagon the Magician (level 3, -2/27 HPs)
             Began as a Mummy Warper on Aug 1, 2017.
             Slain by an orc
             ... wielding a +0 dagger
              (3 damage)
             ... on level 4 of the Dungeon.
             The game lasted 00:01:28 (442 turns).

4thArraOfDagon the Magician (Mummy Warper)           Turns: 442, Time: 00:01:29

Health: -2/27      AC:  6    Str: 14    XL:     3   Next: 51%
Magic:  7/7        EV: 11    Int: 13    God:
Gold:   22         SH:  0    Dex: 11    Spells: 7/7 levels left

rFire    x . .     SeeInvis .   a - +0 falchion
rCold    + . .     Gourm    .   (no shield)
rNeg     + + +     Faith    .   f - +0 ring mail
rPois    ∞         Spirit   .   g - +0 helmet
rElec    .         Reflect  .   (no cloak)
rCorr    .         Harm     .   (no gloves)
MR       .....                  (no boots)
Stlth    +.........             (no amulet)
HPRegen  0.09/turn              (no ring)
MPRegen  0.10/turn              (no ring)

@: no status effects
A: no food or potions, fire vulnerability, cold resistance 1, negative energy
resistance 3, torment resistance, unbreathing
a: no special abilities


You were on level 4 of the Dungeon.
You were not hungry.

You visited 1 branch of the dungeon, and saw 4 of its levels.

You collected 22 gold pieces.

Inventory:

Hand Weapons
 a - a +0 falchion (weapon)
Missiles
 e - 4 tomahawks of dispersal (quivered)
Armour
 b - a +0 leather armour
 f - a +0 ring mail (worn)
 g - a +0 helmet (worn)
Scrolls
 d - a scroll of blinking
Books
 c - a book of Spatial Translocations

   Spells                             Type                      Level
   a - Blink                          Translocation                2
   b - Shroud of Golubria             Charms/Translocation         2
   c - Lesser Beckoning               Translocation                3
   d - Gell's Gravitas                Translocation                3
   e - Teleport Other                 Translocation                3
   f - Passage of Golubria            Translocation                4


   Skills:
 - Level 2.0 Fighting
 * Level 2.4 Long Blades
 - Level 0.7 Throwing
 + Level 1.7 Armour
 + Level 2.0 Dodging
 - Level 2.6 Spellcasting
   Level 2.4 Translocations


You had 7 spell levels left.
You didn't know any spells.

Dungeon Overview and Level Annotations

Branches:
Dungeon (4/15)
 Temple: D:4-7

Altars:


Innate Abilities, Weirdness & Mutations

You do not eat or drink.
Your flesh is vulnerable to fire.
You are immune to poison.
Your flesh is cold resistant. (rC+)
You are immune to negative energy. (rN+++)
You are immune to unholy pain and torment.
You can survive without breathing.


Message History

* * * LOW HITPOINT WARNING * * *
The orc misses you. The orc hits you but does no damage.
You closely miss the orc.
The orc is lightly wounded.
The orc closely misses you.
You riposte.
You closely miss the orc.
The orc is lightly wounded.
The orc hits you from afar with a trident.
* * * LOW HITPOINT WARNING * * *
You closely miss the orc.
The orc is lightly wounded.
The orc wizard mumbles some strange words.
The orc wizard flickers and vanishes!
Deactivating autopickup; reactivate with Ctrl-A.
The orc hits you but does no damage.
The orc hits you from afar with a trident.
* * * LOW HITPOINT WARNING * * *
You closely miss the orc.
The orc is lightly wounded.
The orc hits you with a dagger.
You die...

....... .......
........ #........
........ #........
###...(.# #........
(.......# #........
........# #........
........#####........
........@oo.oo.......
...#...#####........
#...# #........ #...#
#..o..... #...#
#........ #...#
#........ #...#
#........
##...#######......
#.......# ######


You could see 4 orcs.

Vanquished Creatures
  A centaur skeleton (D:4)
  An adder (D:3)
  3 orcs (D:4)
  A bat (D:1)
  A giant cockroach (D:1)
  2 goblins (D:1)
  A rat (D:3)
10 creatures vanquished.

Notes
Turn   | Place    | Note
-------+----------+-------------------------------------------
     0 | D:1      | 4thArraOfDagon the Mummy Warper began the quest for the Orb.
     0 | D:1      | Reached XP level 1. HP: 16/16 MP: 4/4
    24 | D:1      | Reached skill level 1 in Armour
   161 | D:4      | Noticed an orc wizard
   218 | D:3      | Reached XP level 2. HP: 9/22 MP: 5/5
   390 | D:4      | Reached XP level 3. HP: 18/27 MP: 7/7
   441 | D:4      | HP: 1/27 [orc/trident (2)]
   442 | D:4      | Slain by an orc

Vault maps used:
D:1:      dpeg_arrival_long_road, roderic_serpentine_path
D:2:      first_bread
D:3:      lemuel_coloured_pillars_altar, serial_bayou, serial_bayou_pond_c,
          serial_bayou_pond_e, serial_bayou_crossing, serial_bayou_lagoon_a,
          corexii_hall_statues_x
D:4:      minmay_overflow_temple_star_hex, minmay_temple_entry_crystal_x,
          uniq_robin

Skill      XL: |  1  2 |
---------------+-------+-----
Armour         | 1 |  1.7
Long Blades    | 2 |  2.4
Dodging        | 2 |  2.0
Fighting       | |  2.0
Throwing       | |  0.7
Spellcasting   | |  2.6
Translocations | |  2.4

Action                   || total
-------------------------++-------
Melee: Falchion          ||    37
Throw: Tomahawk          ||     1
Armor: Leather armour    ||     3
       Ring mail         ||     8
Dodge: Dodged            ||    26
       Rpst.: Falchion   ||     5
